Unix NetHack Version 3.7.0-89 Work-in-progress - last build Oct 25 2023 09:30:04 (f0f4d860daac63e3cbb99997f3143a95df660311,branch:master). Game began 2023-10-27 12:17:23, ended 2023-10-27 12:51:44. Mishka, chaotic female orcish Barbarian -. h ..- --h-- |.uo- --.... |..). ---- Mishka the Bandit St:14 Dx:18 Co:18 In:9 Wi:8 Ch:7 Chaotic S:1797 Dlvl:6 $:203 HP:0(73) Pw:9(9) AC:5 Xp:6/336 T:3636 Burdened Latest messages: The pony drops an arrow. The pony picks up a gnomish wizard corpse. There is a staircase up to level 5 here. The hobbit wields a dagger! You hear crashing rock. You climb up the stairs. There is a staircase down to level 6 here. The pony misses the dwarf. The pony misses the dwarf. Idefix bites the gnome lord. The pony drops a gnomish wizard corpse. The pony misses the dwarf. The pony misses the dwarf. The pony misses the dwarf. The pony misses the dwarf. Idefix bites the gnome lord. The gnome lord swings his crossbow at Idefix. The gnome lord misses Idefix. You kill the dwarf! Idefix eats a gnomish wizard corpse. The pony picks up a dwarvish spear. The gnome lord shoots 3 crossbow bolts! The 1st crossbow bolt misses you. The crossbow bolt falls down the stairs. You are hit by the 2nd crossbow bolt. You are hit by the 3rd crossbow bolt. The crossbow bolt falls down the stairs. The gnome lord shoots 2 crossbow bolts! You are hit by the 1st crossbow bolt. The 2nd crossbow bolt misses you. The crossbow bolt hits another object. Idefix is still eating. You fall down the stairs. There is a staircase up to level 5 here. You see here 2 crossbow bolts. The hobbit thrusts his dagger. The hobbit hits! You smite the hobbit. The pony misses the hobbit. The pony misses the hobbit. The pony misses the hobbit. The pony misses the hobbit. The hobbit thrusts his dagger. The hobbit hits! You die... Do you want your possessions identified? [ynq] (y) Do you want to see your attributes? [ynq] (y) Do you want an account of creatures vanquished? [ynaq] (y) Do you want to see your conduct and achievements? [ynq] (y) Do you want to see the dungeon overview? [ynq] (y) Inventory: Coins $ - 203 gold pieces Weapons a - a +0 two-handed sword (alternate weapon; not wielded) b - a +0 axe (weapon in hand) F - 6 +0 daggers Armor c - an uncursed greased +0 orcish ring mail (being worn) g - an uncursed greased +0 helm of telepathy (being worn) G - an uncursed greased +0 pair of iron shoes (being worn) Comestibles e - 2 uncursed tripe rations j - an uncursed cram ration k - an uncursed lichen corpse r - 2 uncursed slime molds W - an uncursed food ration Y - an uncursed egg Scrolls n - an uncursed scroll of identify p - an uncursed scroll of blank paper q - an uncursed scroll of food detection s - an uncursed scroll of enchant weapon v - an uncursed scroll of destroy armor w - a cursed scroll of identify S - 2 cursed scrolls of blank paper T - 2 uncursed scrolls of blank paper Spellbooks U - an uncursed spellbook of restore ability Potions h - 2 uncursed potions of sickness l - a cursed potion of monster detection A - an uncursed potion of sleeping B - an uncursed potion of invisibility Q - a blessed potion of object detection V - an uncursed potion of see invisible Wands m - a wand of teleportation (0:7) Tools i - an uncursed towel z - an uncursed oil lamp (lit) C - an uncursed skeleton key H - a blessed can of grease (0:18) Gems/Stones o - an uncursed topaz stone y - an uncursed worthless piece of yellowish brown glass I - an uncursed turquoise stone X - an uncursed worthless piece of orange glass Z - an uncursed jasper stone Mishka the Barbarian's attributes: Background: You were a Bandit, a level 6 female orcish Barbarian. You were chaotic, on a mission for Set who was opposed by Mitra (lawful) and Crom (neutral). You were in the Gnomish Mines, on level 6. You entered the dungeon 3636 turns ago. You had 336 experience points, 304 more were needed to attain level 7. Your score was 1797 before end-of-game adjustments. Basics: You had 0 out of 73 hit points. You had all 9 energy points (spell power). Your armor class was 5. Your wallet contained 203 zorkmids. Autopickup was on for '$?/+"=!%*' plus thrown, with exceptions. Final Characteristics: Your strength was 14 (limit:18/50). Your dexterity was 18 (limit:18). Your constitution was 18 (limit:18). Your intelligence was 9 (limit:16). Your wisdom was 8 (limit:16). Your charisma was 7 (limit:16). Final Status: You weren't hungry. You were burdened; movement was slightly slowed. You were wielding an axe. You had basic skill with axe and could have enhanced that. Final Attributes: You were piously aligned. You were poison resistant. You were telepathic. You had infravision. You were warded. You were lucky. You are dead. Miscellaneous: You never encountered a bones level. Total elapsed playing time was 34 minutes and 21 seconds. Major events: Turn 1: Mishka the chaotic female orcish Barbarian entered the dungeon 1051: attained the rank of Pillager (level 3) 2510: entered the Gnomish Mines 3614: attained the rank of Bandit (level 6) 3636: killed by a hobbit Vanquished creatures: 2 leprechauns a rock piercer a fog cloud 2 gnome leaders 2 gnomish wizards a paper golem a floating eye 2 dwarves a kobold leader 2 orc zombies 3 coyotes 4 manes a hobgoblin a cave spider a brown mold a yellow mold 2 red molds 7 gnomes 11 garter snakes a gecko 7 jackals a kobold a goblin a sewer rat 8 grid bugs 3 bats 8 lichens 3 kobold zombies 8 newts 87 creatures vanquished. No species were genocided or became extinct. Voluntary challenges: You read items or engraved 2 times. You engraved Elbereth 2 times. You never genocided any monsters. You never polymorphed an object. You never changed form. You used no wishes. Achievements: You attained the rank of Pillager. You entered the Gnomish Mines. You attained the rank of Bandit. The Dungeons of Doom: levels 1 to 5 Level 1: Level 2: Level 3: A sink. Level 4: Many altars. Stairs down to The Gnomish Mines. Level 5: The Gnomish Mines: levels 5 to 6 Level 5: Level 6: <- You were here. Final resting place for you, killed by a hobbit. The Tutorial: Level 1: Game over: ---------- / \ / REST \ / IN \ / PEACE \ / \ | Mishka | | 203 Au | | killed by a | | hobbit | | | | | | 2023 | *| * * * | * _________)/\\_//(\/(/\)/\//\/|_)_______ Goodbye Mishka the Barbarian... You died in The Gnomish Mines on dungeon level 6 with 1777 points, and 203 pieces of gold, after 3636 moves. You were level 6 with a maximum of 73 hit points when you died.